 Seeded DCSS version 0.29.0-13-gc9e81de378 (webtiles) character file.

Game seed: 16549770750793058562 (custom seed)

77 purpskrrrp the Covert (level 4, -2/26 HPs)
             Began as a Vampire Brigand on Sept 7, 2022.
             Slain by Sigmund
             ... wielding a +1 scythe of flaming
              (3 damage)
             ... on level 3 of the Dungeon.
             The game lasted 00:05:32 (2160 turns).

purpskrrrp the Covert (Vampire Brigand)             Turns: 2160, Time: 00:05:33

Health: -2/26      AC:  4    Str:  8 (10) XL:     4   Next: 14%
Magic:  4/4        EV: 12    Int: 11 (13) God:
Gold:   177        SH:  0    Dex: 16 (17) Spells: 3/3 levels left

rFire   . . .      SeeInvis +   a - +3 dagger
rCold   + + .      Faith    .   (no shield)
rNeg    + + +      Spirit   .   b - +0 robe
rPois   ∞          Reflect  .   (no helmet)
rElec   .          Harm     .   c - +0 cloak
rCorr   .          Rampage  .   i - +0 pair of gloves
Will    .....                   (no boots)
Stlth   ++++++....              (no amulet)
HPRegen 0.00/turn               (no ring)
MPRegen 0.09/turn               (no ring)

@: bloodless, inhibited regen
A: bloodless, fangs 3, see invisible, vampiric 2
a: Bat Form, Revivify


You were on level 3 of the Dungeon.
You visited 1 branch of the dungeon, and saw 3 of its levels.

You collected 177 gold pieces.

Inventory:

Hand Weapons
 a - a +3 dagger (weapon)
Missiles
 d - 12 poisoned darts (quivered)
 e - 3 curare-tipped darts
Armour
 b - a +0 robe (worn)
 c - a +0 cloak (worn)
 i - a +0 pair of gloves (worn)
Wands
 l - a wand of mindburst (11)
Potions
 g - a potion of magic
 h - a potion of brilliance
 j - a potion of ambrosia {unknown}
 k - 2 potions of invisibility {unknown}
 n - a potion of flight {unknown}


   Skills:
 - Level 1.7 Fighting
 - Level 2.1 Short Blades
 - Level 1.5 Throwing
 - Level 1.1 Dodging
 + Level 8.7 Stealth


You had 3 spell levels left.
You didn't know any spells.
Your spell library contained the following spells:

 Spells                   Type           Power      Damage    Failure   Level
 Beastly Appendage        Tmut           0%         N/A       34%         1
 Sublimation of Blood     Necr           0%         N/A       47%         2
 Wereblood                Tmut           0%         N/A       47%         2
 Spider Form              Tmut/Pois      0%         N/A       71%         3
 Summon Hydra             Summ           0%         N/A       100%        7


Dungeon Overview and Level Annotations

Branches:
Dungeon (3/15)

Altars:

Shops:
D:2 *

Annotations:
D:3 Sigmund


Innate Abilities, Weirdness & Mutations

You do not regenerate when monsters are visible.
You are frail without blood (-20% HP).
You can heal yourself when you bite living creatures.
You are immune to poison.
You have razor-sharp teeth.
You have supernaturally acute eyesight. (SInv)
You are afflicted with vampirism and can become a bat while bloodless.


Message History

Sigmund hits you but does no damage.
You barely miss Sigmund.
Sigmund is lightly wounded.
Sigmund casts a spell at you. The puff of flame hits you.
You are too injured to fight recklessly!
You are too injured to fight recklessly!
You are too injured to fight recklessly!
You are too injured to fight recklessly!
You are too injured to fight recklessly!
You are too injured to fight recklessly!
You are too injured to fight recklessly!
You are too injured to fight recklessly!
You are too injured to fight recklessly!
You are too injured to fight recklessly!
You are too injured to fight recklessly!
You are too injured to fight recklessly!
You are too injured to fight recklessly!
You are too injured to fight recklessly!
You are too injured to fight recklessly!
You are too injured to fight recklessly!
You are too injured to fight recklessly!
You are too injured to fight recklessly!
You are too injured to fight recklessly!
You hit Sigmund.
Sigmund is lightly wounded.
Sigmund gestures wildly while chanting.
Sigmund flickers and vanishes for a moment.
Okay, then.
As you read the scroll of torment, it crumbles to dust.
You feel a surge of unholy energy.
Sigmund convulses!
Sigmund barely misses you.
You barely miss Sigmund. Your bite misses Sigmund.
Sigmund is heavily wounded.
You hit Sigmund but do no damage.
Sigmund is heavily wounded.
Sigmund hits you with a +1 scythe of flaming!
* * * LOW HITPOINT WARNING * * *
Sigmund burns you.
You die...

... #.# #.# #.#
### #.#...
#.#.<# #@#..# .
#######@#..##.#
..............#
...........####
##.####..#.# #
#..#.# #$.# #
#<.# #..# #..#


You could see Sigmund (invisible).

Vanquished Creatures
  A gnoll (D:1)
  2 worms (D:2)
  A dart slug (D:1)
  9 endoplasms
  7 goblins
  5 hobgoblins
  3 jackals (D:1)
  4 kobolds
  4 quokkas
  6 ball pythons
  5 bats
  A frilled lizard (D:2)
  6 rats
54 creatures vanquished.

Notes
Turn   | Place    | Note
-------+----------+-------------------------------------------
     0 | D:1      | purpskrrrp the Vampire Brigand began the quest for the Orb.
     0 | D:1      | Reached XP level 1. HP: 16/16 MP: 1/1
    36 | D:1      | Reached skill level 6 in Stealth
   137 | D:1      | Reached XP level 2. HP: 22/22 MP: 2/2
   200 | D:1      | Reached skill level 7 in Stealth
   335 | D:1      | Gained mutation: You are afflicted with vampirism and can
                  | become a bat while bloodless. [Vampire growth]
   335 | D:1      | Reached XP level 3. HP: 20/27 MP: 3/3
   850 | D:1      | Reached skill level 8 in Stealth
   971 | D:2      | Found a faded altar of an unknown god.
  1658 | D:2      | Found Kaegh's Assorted Antiques.
  1715 | D:2      | Reached XP level 4. HP: 26/26 MP: 4/4
  2144 | D:3      | Noticed Sigmund
  2160 | D:3      | HP: 1/26 [Sigmund/+1 scythe of flaming (11)]
  2160 | D:3      | Slain by Sigmund

Illustrated notes

Levels and vault maps discovered:
D:1:      dpeg_arrival_lava_temple_mockup, layout_basic
D:2:      layout_loops_corners, serial_shops, nicolae_shop_behind_doors,
          nicolae_ecumenical_pavilion, minmay_pentomino_t4
D:3:      layout_loops_ring, uniq_sigmund, uniq_grinder

Skill      XL: |  1  2  3 |
---------------+----------+-----
Stealth        | 6 7 8 |  8.7
Fighting       | |  1.7
Short Blades   | |  2.1
Throwing       | |  1.5
Dodging        | |  1.1

Action                   |  1- 3 |  4- 6 || total
-------------------------+-------+-------++-------
Melee: Dagger            |    99 |    16 ||   115
       Bite              |     5 |     1 ||     6
       Unarmed           |    14 |       ||    14
 Abil: End Transformatio |     1 |       ||     1
       Bat Form          |     1 |       ||     1
       Exsanguinate      |     1 |       ||     1
  Use: Scroll            |     5 |     2 ||     7
 Stab: Sleeping          |    22 |     5 ||    27
       Distracted        |     1 |       ||     1
Armor: Robe              |    22 |     1 ||    23
Dodge: Dodged            |    58 |     2 ||    60
